Cogmind - Beta 13 @@@ ROGUE MODE // 2024.04.12 @ 23:46:50 Player: GR4C3 Result: Destroyed by G-47 Trooper with Particle Gun Performance ------------- Evolutions (2) 1000 Regions Visited (4) 800 Robots Destroyed (77) 385 Value Destroyed (1840) 1840 Prototype IDs (3) 60 Alien Tech Used (0) 0 Bonus (-113) -113 TOTAL SCORE: 3972 Bonus ------- High Alert Combat Kills 129 Follower Combat Kills 167 Friendly Fire -409 Cogmind --------- Core Integrity 0/550 Matter 225/300 Energy 11/100 System Corruption 9% Temperature Cool (33) Movement Treading (160) Location -8/Materials Parts ------- > --- POWER (2) -------- (None) > --- PROPULSION (3) --- Light Treads > --- UTILITY (4) ------ Medium Storage Unit > --- WEAPON (2) ------- Heavy EM Shotgun > --- INVENTORY (10) --- Aluminum Leg Medium Armor Plating Hacking Suite Ion Cannon Peak State ------------ > --- POWER ------------ Light Ion Engine Light Nuclear Core > --- PROPULSION ------- Aluminum Leg Aluminum Leg > --- UTILITY ---------- Advanced Heat Sink Medium Storage Unit Signal Interpreter System Shield > --- WEAPON ----------- Heavy Laser Ion Cannon > --- INVENTORY -------- Light Ion Engine Hacking Suite Heavy EM Shotgun Beam Rifle Particle Gun [Rating: 24] Favorites ----------- Power Light Ion Engine Engine Light Ion Engine Power Core Light Nuclear Core Propulsion Light Treads Treads Light Treads Leg Aluminum Leg Hover Unit Airjet Flight Unit Flight Unit Utility Small Storage Unit Device Sensor Array Storage Small Storage Unit Processor Signal Interpreter Hackware System Shield Weapon Beam Rifle Energy Gun Beam Rifle Energy Cannon Light EM Pulse Cannon Ballistic Gun Heavy Assault Rifle Ballistic Cannon Light Cannon Launcher Grenade Launcher Build | -11 -10 -9 -9 -8 ------- Run | Yrd Mat Mat Min Mat Slots Evolved 4 | . . 2 . 2 Power 1 | . . . . 1 Propulsion 1 | . . 1 . . Utility 2 | . . 1 . 1 Weapon . | . . . . . Parts Attached 95 | 9 11 39 3 33 Power 14 | 1 1 3 1 8 Engine 11 | 1 1 3 1 5 Core 3 | . . . . 3 Reactor . | . . . . . Propulsion 25 | 2 2 13 2 6 Treads 8 | . . 3 2 3 Leg 5 | 2 . . . 3 Wheel . | . . . . . Hover 5 | . . 5 . . Flight 7 | . 2 5 . . Utility 15 | 3 2 5 . 5 Device 7 | 2 . 3 . 2 Storage 4 | 1 1 1 . 1 Processor 3 | . 1 1 . 1 Hackware 1 | . . . . 1 Protection . | . . . . . Artifact . | . . . . . Weapon 41 | 3 6 18 . 14 Energy Gun 19 | 2 4 5 . 8 Energy Cannon 9 | . 1 5 . 3 Ballistic Gun 8 | 1 . 4 . 3 Ballistic Cannon 1 | . . 1 . . Launcher 4 | . 1 3 . . Special Weapon . | . . . . . Impact Weapon . | . . . . . Slashing Weapon . | . . . . . Piercing Weapon . | . . . . . Special Melee Weapon . | . . . . . Unidentified Prototypes 3 | . . 2 . 1 Parts Lost 39 | . 1 12 . 26 Power 8 | . . 2 . 6 Propulsion 12 | . . 6 . 6 Utility 7 | . 1 1 . 5 Weapon 12 | . . 3 . 9 Highest Loss Streak 9 | . 1 3 . 9 To Critical Strikes 1 | . . 1 . . Average Slot Usage (%) 92 | . 98 92 99 80 Engine 9 | . 14 7 11 7 Core 2 | . . . . 8 Treads 14 | . . 13 32 5 Leg 4 | . 8 . . 9 Hover 2 | . . 8 . . Flight 5 | . 19 6 . . Device 10 | . 9 10 11 8 Storage 9 | . 7 10 11 9 Processor 10 | . 9 11 11 10 Energy Gun 7 | . 6 3 11 9 Energy Cannon 1 | . . 2 . 1 Ballistic Gun 10 | . 14 10 11 6 Launcher 2 | . 7 3 . . Naked Turns . | . . . . . Heaviest Build 29 | 12 12 17 19 29 Greatest Support 68 | 20 20 60 68 68 Greatest Overweight (x) 6 | . 1 3 . 6 Average Overweight (x) . | . . . . . Largest Inventory Capacity 10 | 8 8 8 8 10 Average Capacity 7 | 6 6 7 8 8 Most Carried 8 | 5 8 8 8 8 Average Carried 6 | 2 5 6 7 5 Final Capacity 10 | 5 8 8 8 10 Final Carried 8 | 3 8 7 8 4 Class Distribution -------------------- 54% | Scavenger-Mutant 45% | Mutant Dominant Class ---------------- Mutant | -10/Materials Mutant | -9/Materials Scavenger-Mutant | -9/Mines Scavenger-Mutant | -8/Materials Resources | -11 -10 -9 -9 -8 ----------- Run | Yrd Mat Mat Min Mat Matter Collected 1573 | 303 172 567 161 370 Remotely . | . . . . . Salvage Created 2540 | 132 308 814 52 1234 Parts 149 | 7 27 67 2 46 Haulers Intercepted 1 | . 1 . . . Recyclers Shooed 2 | . . 1 . 1 Parts Field Recycled . | . . . . . Retrieved Matter . | . . . . . Parts Self-Destructed . | . . . . . Prevented . | . . . . . Kills | -11 -10 -9 -9 -8 ------- Run | Yrd Mat Mat Min Mat Combat Hostiles Destroyed 54 | . 8 29 1 16 Guns 25 | . 2 8 1 14 Cannons 11 | . 1 9 . 1 AOE 18 | . 5 12 . 1 Classes Destroyed 12 | 2 5 1 1 3 Worker 4 | . 1 2 . 1 Tunneler 3 | 2 . . . 1 Hauler 1 | . 1 . . . Recycler 7 | 1 1 1 . 4 Operator 1 | . . . . 1 Watcher 5 | . 1 4 . . Swarmer 22 | . 6 16 . . Grunt 20 | . 2 7 . 11 Brawler 1 | . . . . 1 Duelist 1 | . . . 1 . Sentry 9 | . . 6 . 3 Hunter 1 | . . . . 1 Thug 2 | . . . . 2 Best Kill Streak 9 | 3 6 9 1 8 Combat Bots Only 6 | . 3 6 1 2 Max Kills in Single Turn 4 | 1 3 3 1 4 Gunslinging . | . . . . . Exploded 3 | . 3 2 . 1 Melee . | . . . . . Uniques/NPCs Destroyed . | . . . . . Combat | -11 -10 -9 -9 -8 -------- Run | Yrd Mat Mat Min Mat Hostile Shots Fired 402 | . 44 133 10 215 Missed 111 | . 10 38 3 60 Damage Taken 4308 | . 385 1122 162 2639 Core 909 | . 86 191 68 564 Absorbed by Shields . | . . . . . Core Remaining (%) 66 | 100 65 . 35 . Volleys Fired 211 | 13 40 61 6 91 Largest 2 | 2 2 2 2 2 Hottest 129 | 60 80 91 79 129 Shots Fired 386 | 26 75 111 12 162 Gun 310 | 26 61 65 12 146 Cannon 58 | . 11 31 . 16 Launcher 18 | . 3 15 . . Special . | . . . . . Kinetic 175 | 13 40 61 6 55 Thermal 136 | 13 16 2 6 99 Explosive 18 | . 3 15 . . Electromagnetic 57 | . 16 33 . 8 Robot Hit Streak 11 | 7 6 11 3 8 Robot Miss Streak 5 | 2 5 4 5 5 Penetration Max . | . . . . . Secondary Targets . | . . . . . Shots Hit Robots 230 | 19 32 70 5 104 Core Hits 136 | 5 17 62 3 49 Critical Kills . | . . . . . Critical Parts Destroyed 1 | . . 1 . . Critical Strikes 7 | . 1 3 . 3 Burn 3 | . . . . 3 Destroy 1 | . . 1 . . Corrupt 3 | . 1 2 . . Melee Attacks . | . . . . . Impact . | . . . . . Slashing . | . . . . . Piercing . | . . . . . Sneak Attacks . | . . . . . Combat Hostiles . | . . . . . Follow-up Attacks . | . . . . . Damage Inflicted 5366 | 177 604 2154 92 2339 Guns 2751 | 177 282 640 75 1577 Cannons 852 | . 143 480 . 229 Explosions 1740 | . 179 1028 . 533 Melee . | . . . . . Ramming 23 | . . 6 17 . Kinetic 1433 | 76 143 590 45 579 Thermal 1572 | 101 210 14 30 1217 Explosive 1531 | . 124 1028 . 379 Electromagnetic 807 | . 127 516 . 164 Impact . | . . . . . Slashing . | . . . . . Piercing . | . . . . . Highest Corruption 9 | . 2 . . 9 Average Corruption 2 | . 2 . . 6 Corruption Purged . | . . . . . Corruption Blocked . | . . . . . Effects 8 | . 6 . . 2 Message Errors 3 | . 1 . . 2 Matter Fused 1 | . 1 . . . Energy Discharges 3 | . 3 . . . Alerts 1 | . 1 . . . Overload Shots . | . . . . . Overflow Damage 127 | . . . . 127 Projectiles . | . . . . . Explosions 127 | . . . . 127 Melee . | . . . . . Knockbacks . | . . . . . Impact . | . . . . . Kinetic . | . . . . . Secondary . | . . . . . Self-Inflicted Damage 243 | . 55 33 . 155 Shots 6 | . 2 2 . 2 Rammed 5 | . . 1 4 . Targets Rammed 5 | . . 1 4 . Kicked . | . . . . . Crushed . | . . . . . Highest Temperature 323 | 42 323 97 45 321 Average Temperature 58 | 22 75 24 16 76 Received Heat Transfer 1725 | . 99 357 18 1251 Effects 1 | . 1 . . . Energy Bleed 1 | . 1 . . . Siege Activations . | . . . . . Robots Corrupted . | . . . . . Combat Hostiles . | . . . . . Parts Fried 1 | . . 1 . . Impact Corruptions . | . . . . . Robots Melted . | . . . . . Combat Hostiles . | . . . . . Parts Melted 2 | . . . . 2 Heat Transferred 3436 | 225 421 37 74 2679 Parts Sabotaged . | . . . . . Parts Stolen . | . . . . . Parts Stripped . | . . . . . Power Chain Reactions 2 | . 1 . . 1 Alert | -11 -10 -9 -9 -8 ------- Run | Yrd Mat Mat Min Mat Peak Influence 745 | 15 236 745 250 294 Initial 249 | . 9 11 249 . Average 209 | 7 96 508 101 166 Maximum Alert Level 3 | . 1 3 1 1 Low Security (%) 58 | 100 93 13 66 57 Level 1 22 | . 6 5 33 42 Level 2 18 | . . 78 . . Level 3 . | . . 2 . . Level 4 . | . . . . . Level 5 . | . . . . . High Security . | . . . . . Max Security . | . . . . . Squads Dispatched 7 | . . 2 1 4 Investigation 2 | . . 1 1 . Extermination . | . . . . . Reinforcement 4 | . . 1 . 3 Assault 1 | . . . . 1 Garrison . | . . . . . Intercept . | . . . . . Searches Triggered . | . . . . . Construction Impeded . | . . . . . Haulers Reinforced . | . . . . . Active Scanning Responses . | . . . . . Cargo Convoy Interrupts . | . . . . . Stealth | -11 -10 -9 -9 -8 --------- Run | Yrd Mat Mat Min Mat Distress Signals 4 | . . 3 . 1 Communications Jammed . | . . . . . Distress Signals . | . . . . . Times Spotted 99 | . 16 43 2 38 Peak Tracking Total 7 | . 4 7 2 7 Tactical Retreats 4 | . . 3 . 1 Traps | -11 -10 -9 -9 -8 ------- Run | Yrd Mat Mat Min Mat Traps Triggered 2 | . 1 1 . . Indirectly . | . . . . . Trap Hack Attempts . | . . . . . Triggered . | . . . . . Disarmed . | . . . . . Reprogrammed . | . . . . . Reused . | . . . . . Traps Extracted . | . . . . . Installed . | . . . . . Triggered . | . . . . . Machines | -11 -10 -9 -9 -8 ---------- Run | Yrd Mat Mat Min Mat Machines Disabled 7 | . 5 1 . 1 Max in Single Turn 2 | . 2 1 . 1 Garrison Access 1 | . . . . 1 Machines Repaired . | . . . . . Machines Dismantled . | . . . . . Machines Sabotaged . | . . . . . Overloaded Fab Kills . | . . . . . Hacking | -11 -10 -9 -9 -8 --------- Run | Yrd Mat Mat Min Mat Machines Accessed 15 | . 6 6 2 1 Terminals 11 | . 4 5 1 1 Fabricators . | . . . . . Repair Stations 1 | . . 1 . . Recycling Units 2 | . 2 . . . Scanalyzers . | . . . . . Garrison Access . | . . . . . Total Hacks 24 | . 11 9 2 2 Successful 16 | . 9 4 2 1 Failed 8 | . 2 5 . 1 Catastrophic 1 | . 1 . . . Database Lockouts . | . . . . . Manual . | . . . . . Terminals 18 | . 9 6 1 2 Fabricators . | . . . . . Repair Stations 3 | . . 3 . . Recycling Units 2 | . 2 . . . Scanalyzers . | . . . . . Garrison Access . | . . . . . Terminal Hacks 14 | . 8 3 2 1 Record 9 | . 6 1 1 1 Open Door 1 | . . . 1 . Level Access Points 1 | . . 1 . . Emergency Access Points 1 | . 1 . . . Dispatch Records 1 | . 1 . . . Registered Components 1 | . . 1 . . Fabricator Hacks . | . . . . . Repair Station Hacks 1 | . . 1 . . Scan Component 1 | . . 1 . . Recycling Unit Hacks 1 | . 1 . . . Report Inventory 1 | . 1 . . . Scanalyzer . | . . . . . Garrison Access Hacks . | . . . . . Unauthorized Hacks . | . . . . . Terminals . | . . . . . Fabricators . | . . . . . Repair Stations . | . . . . . Recycling Units . | . . . . . Scanalyzers . | . . . . . Garrison Access . | . . . . . Data Cores Recovered 1 | . . . . 1 Used . | . . . . . Hacking Detections 8 | . 4 2 1 1 Full Trace Events . | . . . . . Feedback Events . | . . . . . Feedback Blocked . | . . . . . Robot Schematics Acquired . | . . . . . Robots Built . | . . . . . Authchips . | . . . . . Time . | . . . . . Total Robot Build Rating . | . . . . . Part Schematics Acquired . | . . . . . Parts Built . | . . . . . Authchips . | . . . . . Time . | . . . . . Total Part Build Rating . | . . . . . Parts Repaired . | . . . . . Time . | . . . . . Parts Recycled . | . . . . . Recycled Matter . | . . . . . Retrieved Matter . | . . . . . Retrieved Components . | . . . . . Parts Scanalyzed . | . . . . . Part Schematics Acquired . | . . . . . Parts Damaged . | . . . . . Bothacking | -11 -10 -9 -9 -8 ------------ Run | Yrd Mat Mat Min Mat Used RIF Installer . | . . . . . Robots Hacked . | . . . . . Non-combat . | . . . . . Combat . | . . . . . Robot Hacks Applied . | . . . . . Relay Couplers Released 2 | . . . . 2 Machine Destruction 2 | . . . . 2 Fabnet Peak Effective % . | . . . . . Robots Rewired . | . . . . . Allies Hacked . | . . . . . Hacks Repelled . | . . . . . Allies | -11 -10 -9 -9 -8 -------- Run | Yrd Mat Mat Min Mat Total Allies 2 | . . . 2 . Largest Group 2 | . . . 2 2 Highest-Rated Group 45 | . . . 45 45 Highest-Rated Ally 31 | . . . 31 31 Total Orders . | . . . . . Ally Attacks 26 | . . . 10 16 Total Damage 339 | . . . 107 232 Kills 5 | . . . 1 4 Allies Corrupted . | . . . . . Allies Melted . | . . . . . Intel | -11 -10 -9 -9 -8 ------- Run | Yrd Mat Mat Min Mat Robot Analysis Total . | . . . . . Derelict Logs Recovered 2 | . . . 2 . Drone Launches . | . . . . . Drone Recoveries . | . . . . . Exploration | -11 -10 -9 -9 -8 ------------- Run | Yrd Mat Mat Min Mat Turns Passed 4236 | 134 918 1008 1179 997 Spaces Moved 2734 | 72 808 804 700 350 Core 23 | 10 . 1 . 12 Treads 1044 | . . 232 700 112 Legs 477 | 62 189 . . 226 Wheels . | . . . . . Hover 311 | . . 311 . . Flight 879 | . 619 260 . . Fastest Speed 34 | 50 37 34 160 120 Average Speed 123 | 110 96 89 160 191 Slowest Speed 350 | 120 120 200 160 350 Overloaded Moves . | . . . . . Propulsion Burnouts . | . . . . . Robots Hopped . | . . . . . Cave-ins Triggered . | . . . . . Exploration Rate (%) 65 | 5 94 86 101 42 Regions Visited 4 Branch Regions 1 Pre-discovered Areas . | . . . . . Known Exits Taken 2 | . . 1 1 . Unknown Exits Taken 2 | 1 1 . . . Scrap Searched 2 | . . . 2 . Spaces Dug 6 | . 6 . . . Terrain Destroyed 106 | . 13 59 . 34 Melee . | . . . . . Projectile 1 | . . . . 1 AOE 105 | . 13 59 . 33 Terrain Rammed . | . . . . . Walls Destroyed . | . . . . . Machines Disabled . | . . . . . Actions | -11 -10 -9 -9 -8 --------- Run | Yrd Mat Mat Min Mat Total 3217 | 100 881 978 744 514 Wait 81 | . 4 36 27 14 Move 2730 | 71 807 803 699 350 Hop . | . . . . . Pick Up 65 | 7 12 24 3 19 Fast Attach 10 | 3 1 4 1 1 Attach 43 | 4 2 16 . 21 Detach 2 | . . . . 2 Swap 42 | 2 8 19 2 11 Drop 28 | . 7 14 2 5 Fire 211 | 13 40 61 6 91 Melee . | . . . . . Ram . | . . . . . Kick . | . . . . . Crush 5 | . . 1 4 . Escape Stasis . | . . . . . Rewire . | . . . . . Trap . | . . . . . Miscellaneous . | . . . . . Route ------- -11/Scrapyard -10/Materials (discovered 5 exits: *Mat x3 / [*Min x2]) -9/Materials (discovered 4 exits: *Mat x3 / *Min) -9/Mines (discovered 2 exits: *Mat x2) -8/Materials (discovered 2 exits: *Fac x2) History --------- Turn | Location | Event 20 | -11/Scrapyard | Discovered new exit (range 16) 135 | -11/Scrapyard | Entered Materials 307 | -10/Materials | Build established: Mutant 461 | -10/Materials | Discovered new exit (range 7) 508 | -10/Materials | Discovered new exit (range 18) 542 | -10/Materials | Discovered new exit (range 7) 650 | -10/Materials | Discovered new exit (range 16) 982 | -10/Materials | Discovered new exit (range 3) 1053 | -10/Materials | Entered another Materials area 1053 | -9/Materials | Evolved 2 slots: Propulsion x1, Utility x1 1179 | -9/Materials | Discovered new exit (range 11) 1227 | -9/Materials | Discovered new exit (range 8) 1272 | -9/Materials | Identified exit to Mines 1420 | -9/Materials | Discovered new exit (range 8) 1424 | -9/Materials | Identified exit to Materials 1521 | -9/Materials | Lost 3 parts (1p1n1w) 1621 | -9/Materials | Lost 3 parts (2n1w) 2061 | -9/Materials | Entered Mines 2065 | -9/Mines | Learned location of 2 exits from Materials 2085 | -9/Mines | Met a Derelict shopkeep closing up shop 2135 | -9/Mines | Found a hidden stash of uninstalled traps 2308 | -9/Mines | Build established: Scavenger-Mutant 2385 | -9/Mines | Discovered exit to Materials (range 10) 2561 | -9/Mines | Discovered exit to Materials (range 12) 2832 | -9/Mines | Core integrity fell below 50% 3240 | -9/Mines | Entered Materials 3240 | -8/Materials | Accompanied by 2 allies 3240 | -8/Materials | Evolved 2 slots: Power x1, Utility x1 3241 | -8/Materials | Identified exit to Factory 3245 | -8/Materials | Led the pair of lost Derelicts to an unsafe place 3511 | -8/Materials | Lost 9 parts (1p3n2u3w) 3871 | -8/Materials | Lost 3 parts (1p1n1w) 4074 | -8/Materials | Core integrity fell below 50% 4116 | -8/Materials | Lost 5 parts (2p1n1u1w) 4229 | -8/Materials | Core integrity fell below 20% 4237 | -8/Materials | Destroyed by G-47 Trooper with Particle Gun Last Messages --------------- 04206_ K-01 Serf collects debris. 04207_ AU#XJLWZ B5M 04220_ Identified Hvy. EM Shotgun. 04221_ B-36 Bruiser heat short circuits Rnf. Ion Engine. 04222_ B-36 Bruiser heat spikes uncontrollably. 04222_ B-36 Bruiser overheating. 04224_ GDS7QVAZ&NEZ6|1XEVR6ZWEK B/K 04226_ B-36 Bruiser destroyed. 04228_ K-01 Serf collects debris. 04230_ G-47 Trooper destroyed. 04230_ Chain reaction triggered in Lgt. Nuclear Core. 04235_ Critical hit (Burn: +37). Map ----- +----------------------------------------------------+ | ?????????????????????????????????????????????????? | | ?????????????????????????????????????????????????? | | ?????????????????????????????????????????????????? | | ?????????????????????????????????????????????????? | | ?????????????????????????????????????????????????? | | ?????????????????????????????????????????????????? | | ?????????????????????????????????????????????????? | | ?????????????????????????????????????????????????? | | ????????????????????????????????????? #??????????? | | ???????????????????????????????????? #??????????? | | ???????????????+##### ############# #??????????? | | ??????????????T #???????#### | | ?????????????? #???????# | | ??????????????* #???????# | | ?????????????????????########+####/###????????# | | ????????????????????????# #?????????????# | | ????????????????????????# w #?????????????# | | ????????????????????????# #?????????????# | | ????????????????????????# # ?????######## | | ????????????????????????# #+###### ###+# | | ????????????????????????# # | | ??????????????????####### "" + !% % | | ??????????????????? ; """ # ! % | | ????????????????????? ;gg """ ##+#+### ##### | | ??????????????????????? ;%g """ ## ########### | | ????????????????????????#@ "" ## #?# | | ????????????????????????########## #?# ! | | ?????????????????????????????????# #?# | | ?????????????????????????????????# #?# | | ?????????????????????????????????# #?# """ """ | | ?